 Dungeon Crawl Stone Soup version 0.30-b1-2-g02819fbbbe (webtiles) character file.

Game seed: 12687800161544154694

1353 manyhoops the Digger (level 8, -12/67 HPs)
             Began as a Demigod Earth Elementalist on Dec 1, 2023.
             Mangled by a hornet (14 damage)
             ... on level 6 of the Dungeon.
             The game lasted 00:07:51 (6170 turns).

manyhoops the Digger (Demigod Earth Elementalist)   Turns: 6170, Time: 00:07:52

Health: -12/67     AC:  3    Str:  9    XL:     8   Next: 14%
Magic:  21/24      EV: 11    Int: 25    God:
Gold:   270        SH:  5    Dex: 14    Spells: 7/13 levels left

rFire   x . .        j - +0 dagger
rCold   + . .        d - +0 buckler
rNeg    . . .        a - +0 robe
rPois   .            (no helmet)
rElec   +            (no cloak)
rCorr   .            c - +0 pair of gloves
SInv    .            (no boots)
Will    .....        (no amulet)
Stlth   +++          i - ring of wizardry
HPRegen 0.31/turn    q - ring of the Threshing Gods {Ice rElec MP+9 Stlth+}
MPRegen 0.19/turn

%: wizardry (x1)
@: lethally poisoned (-12 -> -28), slowed, very slow
A: high MP 1, forlorn, divine attributes, wild magic 1
a: no special abilities


You were on level 6 of the Dungeon.
You visited 1 branch of the dungeon, and saw 6 of its levels.
You also visited: Sewer.

You collected 270 gold pieces.

Inventory:

Hand Weapons
 j - a +0 dagger (weapon)
Armour
 a - a +0 robe (worn)
 c - a +0 pair of gloves (worn)
 d - a +0 buckler (worn)
Jewellery
 i - a ring of wizardry (left hand)
 q - the ring of the Threshing Gods (right hand) {Ice rElec MP+9 Stlth+}
   (You found it on level 3 of the Dungeon)

   [ring of ice]

   It enhances your ice magic.
   rF:        It makes you vulnerable to fire.
   rC:        It protects you from cold.
   rElec:     It insulates you from electricity.
   MP:        It affects your magic capacity (+9).
   Stlth:     It makes you more stealthy.
Scrolls
 e - 2 scrolls of noise {unknown}
 m - 2 scrolls of fog
 o - a scroll of enchant weapon
 p - a scroll of magic mapping {unknown}
 r - a scroll of enchant armour {unknown}
 t - a scroll of torment {unknown}
 v - a scroll of acquirement {unknown}
 w - a scroll of blinking {unknown}
 y - a scroll of immolation {unknown}
 z - a scroll of silence {unknown}
Potions
 b - a potion of magic
 f - a potion of might
 g - 3 potions of curing
 h - a potion of lignification {unknown}
 k - a potion of heal wounds
 l - a potion of flight {unknown}
 n - 2 potions of mutation
 s - a potion of haste {unknown}
 u - 2 potions of brilliance {unknown}
 x - a potion of ambrosia {unknown}


   Skills:
 - Level 4.5 Fighting
 - Level 1.9 Dodging
 - Level 1.7 Stealth
 - Level 5.3 Shields
 - Level 3.1 Spellcasting
 - Level 0.8 Transmutations
 + Level 5.7 Earth Magic


You had 7 spell levels left.
You knew the following spells:

 Your Spells              Type           Power      Damage    Failure   Level
a - Sandblast             Erth           84%        2d18      1%          1
b - Passwall              Tmut/Erth      21%        N/A       3%          2
c - Stone Arrow           Conj/Erth      46%        3d9       8%          3

Your spell library contained the following spells:

 Spells                   Type           Power      Damage    Failure   Level
 Blink                    Tloc           10%        N/A       12%         2
 Petrify                  Tmut/Erth      26%        N/A       19%         4
 Manifold Assault         Tloc           5%         N/A       52%         4
 Storm Form               Tmut/Air       3%         N/A       100%        7


Dungeon Overview and Level Annotations

Branches:
Dungeon (6/15)             Temple (0/1) D:6           Sewer (visited)

Shops:
D:2 ([:[*


Innate Abilities, Weirdness & Mutations

You have an increased reservoir of magic. (+10% MP)
You shall have no god before yourself.
Your divine heritage dramatically boosts your attributes as you level up.
Your spells are a little harder to cast, but a little more powerful.


Message History

You are more poisoned.
You feel as though you will be slow longer.
The hornet stings you.
You feel as though you will be slow longer.
Unknown command.
Okay, then.
Okay, then.
You feel much better.
You feel extremely sick. You block the hornet's attack. The hornet stings you.
You suddenly lose the ability to move!
You can move again.
Casting: Sandblast (safe; 1% risk of failure)
Confirm with . or Enter, or press ? or * to list all spells.
Aiming: Sandblast (safe; 1% risk of failure)
Press: ? - help, Shift-Dir - straight line, f/p - hornet
Aim: a hornet (heavily wounded, 77% to hit)
The blast of sand hits the hornet but does no damage.
The hornet is heavily wounded.
You feel extremely sick. You block the hornet's attack. The hornet stings you!
You feel as though you will be slow longer.
The hornet stings you.
You shrug off the repeated paralysis!
Casting: Sandblast (safe; 1% risk of failure)
Confirm with . or Enter, or press ? or * to list all spells.
Aiming: Sandblast (safe; 1% risk of failure)
Press: ? - help, Shift-Dir - straight line, f/p - hornet
Aim: a hornet (heavily wounded, 77% to hit)
The blast of sand hits the hornet.
The hornet is severely wounded.
You feel very sick. The hornet stings you!
* * * LOW HITPOINT WARNING * * *
You are lethally poisoned!
You feel as though you will be slow longer.
The hornet stings you!
* * * LOW HITPOINT WARNING * * *
You feel as though you will be slow longer.
The hornet stings you!
You die...

.......###.#.#
.##.######.#.# #.#
.............# #.#
##.#######.### #.#
##.# #.# #.# #>#
#.# #.# #.# #.#
#.# #.# #.# #y#
##.# #.# #@#
...#######.# #.#
...........# #.#
.########### #.#
.# #.# .# #.# .#
#.#
.###############.#
.................#


You could see a hornet.

Vanquished Creatures
  A water moccasin (Sewer)
  An ice beast (D:6)
  A black bear (D:5)
  2 phantoms
  A bullfrog (D:4)
  4 scorpions
  A jelly (D:6)
  2 orc priests (D:5)
  A gnoll bouda (D:5)
  A hound (D:6)
  2 sleepcaps (D:5)
  2 orc wizards (D:5)
  3 iguanas
  13 gnolls
  6 adders
  A shadow imp (D:4)
  An ufetubus (D:5)
  2 worms
  A dart slug (D:2)
  11 orcs
  8 ball pythons
  7 endoplasms
  8 giant cockroaches
  7 goblins
  5 hobgoblins
  4 jackals
  6 quokkas
  4 bats
  3 frilled lizards
  6 kobolds
  7 rats
122 creatures vanquished.

Vanquished Creatures (others)
  2 plants (D:4)
2 creatures vanquished.

Grand Total: 124 creatures vanquished

Notes
Turn   | Place    | Note
-------+----------+-------------------------------------------
     0 | D:1      | manyhoops the Demigod Earth Elementalist began the quest
                  | for the Orb.
     0 | D:1      | Reached XP level 1. HP: 14/14 MP: 5/5
   354 | D:1      | Reached XP level 2. HP: 20/20 MP: 2/7
  1024 | D:2      | Reached XP level 3. HP: 25/26 MP: 7/9
  1253 | D:2      | Learned a level 2 spell: Passwall
  1257 | D:2      | Learned a level 3 spell: Stone Arrow
  1387 | D:2      | Found Fudixath's Weapon Shop.
  1400 | D:2      | Found Ciciemuz's Antique Armour Boutique.
  1437 | D:2      | Found Juudeik's General Store.
  1640 | D:2      | Found Fatan's Book Emporium.
  1646 | D:2      | Found Weddygg's Armour Boutique.
  1959 | D:3      | Reached XP level 4. HP: 31/33 MP: 7/11
  2090 | D:3      | Identified the ring of the Threshing Gods {Ice rElec MP+9
                  | Stlth+}
  3048 | D:4      | Gained mutation: Your spells are a little harder to cast,
                  | but a little more powerful. [potion of mutation]
  3094 | D:4      | Noticed a phantom
  3098 | D:4      | Killed a phantom
  3099 | D:4      | Reached XP level 5. HP: 41/41 MP: 12/12
  3510 | D:4      | Reached XP level 6. HP: 26/52 MP: 13/13
  3721 | D:4      | Found a glowing drain.
  3725 | Sewer    | Entered a sewer
  3778 | Sewer    | Noticed a water moccasin
  3786 | Sewer    | Killed a water moccasin
  3787 | Sewer    | Reached skill level 1 in Shields
  4390 | D:5      | Entered Level 5 of the Dungeon
  4560 | D:5      | Reached XP level 7. HP: 54/60 MP: 14/14
  5159 | D:5      | Reached skill level 5 in Shields
  5839 | D:6      | Found a staircase to the Ecumenical Temple.
  5844 | D:6      | Reached skill level 5 in Earth Magic
  5844 | D:6      | Reached XP level 8. HP: 67/67 MP: 15/15
  6163 | D:6      | Noticed a hornet
  6168 | D:6      | Paralysed by a hornet for 1 turns
  6170 | D:6      | HP: 2/67 [hornet (8)]
  6170 | D:6      | Mangled by a hornet

Illustrated notes

Levels and vault maps discovered:
D:1:      psy_arrival_whirlpool, layout_rooms,
          ebering_ecumenical_altar_abandoned, chequers_serial_rivers_large_b,
          minmay_bisected
D:2:      kennysheep_big_flooded_room, layout_loops_ring, serial_shops,
          shop_fountains, shop, shop, shop, shop, basic_altar,
          kennysheep_cross_bottleneck
D:3:      layout_basic
D:4:      layout_basic, fedhas_ov_isle_minmay, gup_sewer_entry_spiral
D:5:      layout_basic, nicolae_ru_path_of_blood, hellmonk_no_cap
D:6:      layout_basic, lemuel_coloured_pillars_altar,
          minmay_temple_entry_statues_fountains, kennysheep_generic_room_14,
          uniq_blork_the_orc

Skill      XL: |  1  2  3  4  5  6  7 |
---------------+----------------------+-----
Earth Magic    | 3 4 5 |  5.7
Spellcasting   | 2 3 |  3.1
Fighting       | 2 3 4 |  4.5
Shields        | 3 5 |  5.3
Dodging        | |  1.9
Stealth        | |  1.7
Transmutations | |  0.8

Action                     |  1- 3 |  4- 6 |  7- 9 || total
---------------------------+-------+-------+-------++-------
  Melee: Dagger            |       |     4 |       ||     4
   Cast: Sandblast         |    61 |    80 |    61 ||   202
    Use: Potion            |       |     4 |     1 ||     5
         Scroll            |       |     2 |       ||     2
 Armour: Robe              |     5 |     4 |     4 ||    13
  Dodge: Dodged            |    16 |    16 |    11 ||    43
  Block: Buckler           |     3 |     5 |     7 ||    15
